 Dungeon Crawl Stone Soup version 0.29-a0-577-gafbf2c5d25 (webtiles) character file.

Game seed: 1642427603678566942

1596 RancidPinata the Sneak (level 8, -4/53 HPs)
             Began as a Gargoyle Delver on June 13, 2022.
             Killed from afar by a gargoyle (20 damage)
             ... with a stone arrow
             ... on level 5 of the Dungeon.
             The game lasted 00:18:56 (5540 turns).

RancidPinata the Sneak (Gargoyle Delver)            Turns: 5540, Time: 00:18:56

Health: -4/53      AC: 12    Str: 18    XL:     8   Next: 93%
Magic:  8/8        EV: 11    Int: 11    God:
Gold:   163        SH:  0    Dex: 11    Spells: 7/7 levels left

rFire   + + +      SeeInvis .   y - +4 mace of Wu Jian's Supremacy {spect, *Rage Fly rF+++ rCorr Stlth-}
rCold   + . .      Faith    .   (no shield)
rNeg    + . .      Spirit   .   o - +0 ring mail
rPois   ∞          Reflect  .   (no helmet)
rElec   +          Harm     .   E - +0 cloak
rCorr   +          Rampage  .   (no gloves)
Will    +....      Rage     20% (no boots)
Stlth   ++........              (no amulet)
HPRegen 0.17/turn               m - ring of willpower
MPRegen 0.11/turn               u - ring of protection from cold

@: flying
A: sickness immunity, AC +5, negative energy resistance 1, electricity
resistance, torment resistance 1, petrification resistance
a: no special abilities


You were on level 5 of the Dungeon.
You visited 1 branch of the dungeon, and saw 6 of its levels.

You collected 296 gold pieces.
You spent 133 gold pieces at shops.

Inventory:

Hand Weapons
 y - the +4 mace of Wu Jian's Supremacy (weapon) {spect, *Rage Fly rF+++ rCorr Stlth-}
   (You bought it in a shop on level 1 of the Dungeon)

   When its wielder attacks, the weapon's spirit leaps out and strikes again.
   The spirit shares a part of any damage it takes with its wielder.
   rF:        It renders you almost immune to fire.
   Fly:       It grants you flight.
   *Rage:     It berserks you when you make melee attacks (+20% chance).
   rCorr:     It protects you from acid and corrosion.
   Stlth:     It makes you less stealthy.
Missiles
 a - 108 stones (quivered)
Armour
 o - a +0 ring mail (worn)
 E - a +0 cloak (worn)
Jewellery
 m - a ring of willpower (left hand)
 p - a ring of flight
 u - a ring of protection from cold (right hand)
Wands
 g - a wand of digging (3)
Scrolls
 c - 2 scrolls of fog
 d - 2 scrolls of magic mapping
 e - 2 scrolls of fear
 h - 7 scrolls of identify {unknown}
 i - a scroll of vulnerability {unknown}
 j - 3 scrolls of teleportation
 k - 2 scrolls of immolation {unknown}
 l - a scroll of summoning {unknown}
 q - a scroll of brand weapon {unknown}
 s - a scroll of enchant weapon
 v - a scroll of noise {unknown}
 w - a scroll of enchant armour {unknown}
 x - 2 scrolls of poison
Potions
 b - 3 potions of might {unknown}
 f - 2 potions of haste
 n - a potion of mutation {unknown}
 r - a potion of brilliance {unknown}
 t - a potion of heal wounds {unknown}
 z - 2 potions of curing {unknown}
 A - a potion of cancellation {unknown}
 B - a potion of magic {unknown}
 C - a potion of flight {unknown}
Miscellaneous
 D - a piece from Xom's chessboard (15/15)


   Skills:
 * Level 7.6 Fighting
 - Level 1.3 Short Blades
 * Level 6.2 Maces & Flails
 + Level 4.3 Armour
 - Level 2.0 Dodging
 + Level 7.7 Stealth


You had 7 spell levels left.
You didn't know any spells.
Your spell library contained the following spells:

 Spells                   Type           Power      Damage    Failure   Level
 Slow                     Hex            0%         N/A       52%         1
 Confusing Touch          Hex            0%         N/A       87%         3
 Conjure Flame            Conj/Fire      0%         6-21      87%         3
 Ignite Poison            Fire/Tmut/Pois 0%         N/A       87%         3
 Vampiric Draining        Necr           0%         2d6       87%         3
 Sticky Flame             Conj/Fire      0%         2d3       99%         4


Dungeon Overview and Level Annotations

Branches:
Dungeon (6/15)
 Temple: D:4-7

Altars:
Dithmenos
Elyvilon
Nemelex Xobeh

Shops:
D:1 *   D:3 !   D:5 :

Annotations:
D:5 2 transporters, RepHenryClay's ghost, novice MeHu


Innate Abilities, Weirdness & Mutations

You are immune to sickness and miasma.
Your stone body is resilient. (AC +5)
You are immune to poison.
You resist negative energy. (rN+)
You are resistant to electric shocks. (rElec)
You are resistant to unholy torment.
You are immune to petrification.


Message History

You feel yourself slow down.
Things that are here:
a +0 whip; a howler monkey corpse
There is an open door here.
You reach down and close the door.
You start waiting.
You feel yourself speed up.
You start waiting.
You recover from your berserk rage.
You reach down and open the door.
There is an open door here.
Things that are here:
a +0 whip; a howler monkey corpse You reach down and open the door.
The hound barks!
The hound barks!
You hear an angry hiss.
The gargoyle hurls a stone arrow at you.
The stone arrow hits you!
You hit the gargoyle but do no damage.
You punch the gargoyle, but do no damage.
Your +4 mace of Wu Jian's Supremacy {spect, *Rage Fly rF+++ rCorr Stlth-} hits the gargoyle.
The gargoyle hurls a stone arrow at you.
The stone arrow hits you!
You hit the gargoyle but do no damage.
The gargoyle is lightly damaged.
Your +4 mace of Wu Jian's Supremacy {spect, *Rage Fly rF+++ rCorr Stlth-} hits the gargoyle!
The gargoyle closely misses you.
You closely miss the gargoyle.
The gargoyle is moderately damaged.
Your +4 mace of Wu Jian's Supremacy {spect, *Rage Fly rF+++ rCorr Stlth-} hits the gargoyle!
The gargoyle barely misses you.
The gargoyle hurls a stone arrow at you.
The stone arrow hits you!!
You hit the gargoyle but do no damage.
The gargoyle is almost destroyed.
Your +4 mace of Wu Jian's Supremacy {spect, *Rage Fly rF+++ rCorr Stlth-} barely misses the gargoyle.
The hound barely misses you. The hound bites you.
The gargoyle hurls a stone arrow at you.
The stone arrow hits you!!
You die...

......+ ... ###'#......# .....
...##.+ #... #...#......# ####.
.#.##.####..# #.hl#.#..#.# ###.
.#.....##[..## hh.#......###....
.............###'#######'##....#
.#÷...........#h...#.....#.....#
....#...#.....#s##.#.#†#.#....###
#####.........#9##.#.....#..##...
≈≈≈..#......#.#(@h)'.#.#.#.......
...≈.#.##...# ######.....#.......
≈≈.≈.#.##..###..# ########..#..#.
..≈≈.#.##.......###.........#..#.
_.≈≈.#####..#.#..#.........<.....
..≈≈.#.........................>.
≈≈.≈.#......#..≈≈...........#..##
...≈.#.....##...≈≈.......#.##...#
≈≈≈..#..#####.≈≈.................


You could see a gargoyle, a scorpion, 2 hounds and a friendly +4 mace of Wu
Jian's Supremacy {spect, *Rage Fly rF+++ rCorr Stlth-} (summoned).

Vanquished Creatures
  Sigmund (D:3)
  A water moccasin (D:5)
  2 ice beasts (D:5)
  An orc warrior (D:5)
  An ogre (D:5)
  A black bear (D:4)
  3 phantoms
  2 necrophages (D:5)
  A scorpion (D:5)
  A howler monkey (D:5)
  A hound (D:4)
  A jelly (D:5)
  A gnoll shaman (D:4)
  2 iguanas (D:5)
  An orc wizard (D:5)
  9 gnolls
  8 adders
  A white imp (D:5)
  An ufetubus (D:5)
  2 worms
  A dart slug (D:1)
  8 orcs
  2 bats (D:1)
  6 endoplasms
  3 giant cockroaches
  5 goblins
  9 hobgoblins
  14 kobolds
  2 quokkas
  7 ball pythons
  6 frilled lizards
  31 rats
135 creatures vanquished.

Vanquished Creatures (others)
  2 bushes (D:1)
  17 plants (D:1)
19 creatures vanquished.

Grand Total: 154 creatures vanquished

Notes
Turn   | Place    | Note
-------+----------+-------------------------------------------
     0 | D:5      | RancidPinata the Gargoyle Delver began the quest for the
                  | Orb.
     0 | D:5      | Reached XP level 1. HP: 14/14 MP: 1/1
     3 | D:6      | Noticed a kobold brigand
    41 | D:5      | Noticed a jelly
   231 | D:3      | Reached XP level 2. HP: 18/19 MP: 2/2
   314 | D:1      | Found Peocuijo's Assorted Antiques.
   656 | D:1      | Reached XP level 3. HP: 23/23 MP: 3/3
  1385 | D:2      | Reached XP level 4. HP: 19/29 MP: 4/4
  1637 | D:2      | Reached skill level 1 in Short Blades
  1850 | D:2      | Reached skill level 1 in Armour
  2094 | D:1      | Bought a pitted mace for 120 gold pieces
  2094 | D:1      | Identified the +4 mace of Wu Jian's Supremacy {spect, *Rage
                  | Fly rF+++ rCorr Stlth-} (You bought it in a shop on level 1
                  | of the Dungeon)
  2482 | D:3      | Found a sparkling altar of Nemelex Xobeh.
  2491 | D:3      | Reached XP level 5. HP: 27/33 MP: 5/5
  2713 | D:3      | Found Eppas's Distillery.
  2722 | D:3      | Bought a potion of degeneration for 13 gold pieces
  3011 | D:3      | Noticed Sigmund
  3031 | D:3      | Killed Sigmund
  3032 | D:3      | Reached skill level 5 in Fighting
  3032 | D:3      | Reached XP level 6. HP: 21/40 MP: 6/6
  3647 | D:4      | Noticed a black bear
  3655 | D:4      | Killed a black bear
  3778 | D:4      | Reached XP level 7. HP: 44/44 MP: 7/7
  4713 | D:5      | Reached skill level 5 in Maces & Flails
  4713 | D:5      | Reached XP level 8. HP: 52/52 MP: 8/8
  4837 | D:5      | Found a shadowy altar of Dithmenos.
  5013 | D:5      | Found a transporter.
  5019 | D:5      | Noticed RepHenryClay's ghost (novice MeHu)
  5087 | D:5      | Found a transporter.
  5143 | D:5      | Found Koafan's Book Shop.
  5379 | D:5      | Found a white marble altar of Elyvilon.
  5383 | D:5      | Noticed a gargoyle
  5540 | D:5      | Killed from afar by a gargoyle

Illustrated notes

Levels and vault maps discovered:
D:1:      lordsloth_arrival_two_stooges, layout_rooms, serial_shops, shop,
          lexackson_kobold_supper
D:2:      layout_basic
D:3:      layout_basic, mainiacjoe_overflow_catwalk, serial_shops,
          nicolae_diamond_shop, grunt_decor_junction, minmay_rat_hole,
          uniq_sigmund
D:4:      layout_basic
D:5:      minmay_clustersquares, layout_cave_pools,
          lemuel_coloured_pillars_altar, mainiacjoe_overflow_cross_hatched,
          okawaru_altar_gauntlet_db, mainiacjoe_overflow_paths,
          serial_gnoll_camp, gnoll_camp_mini_house, gnoll_camp_mini_hut,
          gnoll_camp_mini_shop, gnoll_camp_mini_hut, gammafunk_ghost_smash,
          chequers_serial_rivers_micro_c, hellmonk_bongcloud_opening,
          grunt_decor_resistance, minmay_starry_boxes
D:6:      layout_loops_cross, overflow_temple_1_default, doesnt_xom_only_xom,
          serial_glass, glass_columns_a, glass_columns_a, due_unseen_surprise

Skill      XL: |  1  2  3  4  5  6  7  8 |
---------------+-------------------------+-----
Dodging        | 2 |  2.0
Fighting       | 4 5 6 7 |  7.6
Short Blades   | 1 |  1.3
Armour         | 1 2 3 4 |  4.3
Stealth        | 6 7 |  7.7
Maces & Flails | 3 5 6 |  6.2

Action                   |  1- 3 |  4- 6 |  7- 9 || total
-------------------------+-------+-------+-------++-------
Melee: Mace              |    67 |    75 |    96 ||   238
       Punch             |     1 |     2 |     2 ||     5
       Short sword       |    37 |    34 |       ||    71
  Use: Scroll            |     1 |     2 |       ||     3
 Stab: Sleeping          |     4 |       |     1 ||     5
       Distracted        |     1 |     1 |       ||     2
Armor: Leather armour    |     3 |       |       ||     3
       Ring mail         |    52 |    66 |    27 ||   145
Dodge: Dodged            |    59 |    83 |    54 ||   196

Table legend: (Time is in decaauts)
 A = Elapsed time spent in this place.
 B = Non-inter-level travel time spent in this place.
 C = Inter-level travel time spent in this place.
 D = Time resting spent in this place.
 E = Time spent auto-exploring this place.
 F = Levels seen in this place.
 G = Mean time per level.
                   A        B        C        D        E       F      G
               +--------+--------+--------+--------+--------+-----+--------+
         Total |   5792 |   5690 |    102 |   1673 |   2150 |   6 |  965.3 |
       Dungeon |   5792 |   5690 |    102 |   1673 |   2150 |   6 |  965.3 |
               +--------+--------+--------+--------+--------+-----+--------+

Top non-repeatable levels by time:
     D:3: 1274 daAuts
     D:5: 1167 daAuts
     D:2: 1157 daAuts
     D:4: 1129 daAuts
     D:1: 1063 daAuts
     D:6: 1 daAuts
